 Dungeon Crawl Stone Soup version 0.23.1 (webtiles) character file.

Game seed: 11283542851859212081

308 Norn the Poker (level 6, -8/47 HPs)
             Began as a Merfolk Skald on Mar 8, 2019.
             Killed by divine providence
             ... invoked by an orc priest
              (13 damage)
             ... on level 3 of the Dungeon.
             The game lasted 00:04:55 (2236 turns).

Norn the Poker (Merfolk Skald)                      Turns: 2236, Time: 00:04:55

Health: -8/47      AC:  4    Str: 11    XL:     6   Next: 40%
Magic:  8/9        EV: 14    Int: 14    God:
Gold:   150        SH:  0    Dex: 14    Spells: 3/9 levels left

rFire    . . .     SeeInvis .   a - +0 spear
rCold    . . .     Gourm    .   (no shield)
rNeg     . . .     Faith    .   b - +0 leather armour
rPois    .         Spirit   .   h - +0 helmet
rElec    .         Reflect  .   (no cloak)
rCorr    .         Harm     .   (no gloves)
MR       .....                  (no boots)
Stlth    +.........             (no amulet)
HPRegen  0.15/turn              (no ring)
MPRegen  0.11/turn              (no ring)

@: no status effects
A: change form in water, swift swim, stealthy swim
a: no special abilities


You were on level 3 of the Dungeon.
You were not hungry.

You visited 1 branch of the dungeon, and saw 3 of its levels.

You collected 150 gold pieces.

Inventory:

Hand Weapons
 a - a +0 spear (weapon)
Armour
 b - a +0 leather armour (worn)
 h - a +0 helmet (worn)
   (You found it on level 1 of the Dungeon)
Scrolls
 d - 6 scrolls of identify {unknown}
 f - 2 scrolls of remove curse {unknown}
 g - a scroll of enchant weapon {unknown}
 i - a scroll of enchant armour {unknown}
 k - 2 scrolls of teleportation {unknown}
Potions
 c - 4 potions of curing {unknown}
 j - a potion of cancellation {unknown}
 m - 2 potions of resistance {unknown}
 n - 2 potions of heal wounds {unknown}
 o - a potion of haste {unknown}
 p - a potion of lignification {unknown}
Comestibles
 e - 11 rations {!d}
 l - 4 chunks of flesh


   Skills:
 + Level 3.5 Fighting
 * Level 6.1 Polearms
 - Level 0.6 Armour
 + Level 4.4 Dodging
 - Level 2.0 Spellcasting
 + Level 0.7 Hexes
 - Level 4.1 Charms
 + Level 1.4 Translocations


You had 3 spell levels left.
You knew the following spells:

 Your Spells              Type           Power        Failure   Level  Hunger
a - Infusion              Chrm           ##..         6%          1    ##.....
q - Shroud of Golubria    Chrm/Tloc      #.........   16%         2    ###....
t - Spectral Weapon       Hex/Chrm       #.......     34%         3    ####...

Your spell library contained the following spells:

 Spells                   Type           Power        Failure   Level  Hunger
 Song of Slaying          Chrm           ##......     9%          2    ###....
 Regeneration             Chrm/Necr      #.........   38%         3    ####...


Dungeon Overview and Level Annotations

Branches:
Dungeon (3/15)

Altars:
Fedhas
Gozag
Hepliaklqana
Makhleb


Message History

Your magical contamination has completely faded away.
Found 11 gold pieces.
You start resting.
Found a stone staircase leading down.
You now have 150 gold pieces (gained 11).
An orc wizard comes into view. It is wielding a +0 dagger of speed.
The orc wizard shouts!
An orc wizard is nearby!
An orc wizard is nearby!
An orc priest comes into view. It is wielding a +0 flail.
The orc priest moves out of view.
An orc comes into view.
You draw out your weapon's spirit!
The orc shouts!
You hear a shout!
An orc comes into view. It is wielding a +0 hand axe.
Attack whom?
Aim: an orc wizard, wielding a +0 dagger of speed and wearing a +0 robe You reach to attack!
You hit the orc wizard.
Your spectral weapon barely misses the orc wizard.
You hit the orc wizard but do no damage.
Your spectral weapon hits the orc wizard from afar.
The orc wizard hits you with a +0 dagger of speed.
You hit the orc wizard.
Your spectral weapon hits the orc wizard from afar.
The orc wizard gestures wildly while chanting.
The orc wizard seems to speed up.
The orc priest mumbles some strange prayers to Beogh against you.
Beogh smites you!
You closely miss the orc wizard.
Your spectral weapon hits the orc wizard but does no damage.
The orc priest invokes the aid of Beogh against you.
Beogh smites you!
* * * LOW HITPOINT WARNING * * *
You completely miss the orc wizard.
Your spectral weapon hits the orc wizard.
You kill the orc wizard!
The orc hits you.
* * * LOW HITPOINT WARNING * * *
Things that are here:
a +0 dagger of speed; a +0 robe; an orc corpse The orc barely misses your spectral weapon.
Your spectral weapon fades away.
The orc priest invokes the aid of Beogh against you.
You barely resist.
The orc priest invokes the aid of Beogh against you.
Beogh smites you!
* * * LOW HITPOINT WARNING * * *
The orc priest mumbles some strange prayers to Beogh against you.
Beogh smites you!
You die...

#.......###..###...
#..##..o.....#
#..###...###.#
####oo# ##### .#
#.....# .# #.###o#
#. # #.# #.# # ..
#####.# #.# .#
#.....# #@# ..
#.....###.# .#
#......>..#
#.....#####
#..........
###.###### #.# #.#
#.#


You could see an orc priest and 2 orcs.

Vanquished Creatures
  Sigmund (D:2)
  2 orc wizards (D:3)
  Robin (D:3)
  A worm (D:2)
  A dart slug (D:1)
  4 leopard geckos
  4 orcs (D:3)
  2 ball pythons
  6 bats
  A giant cockroach (D:1)
  16 goblins
  8 hobgoblins
  9 kobolds
  2 quokkas (D:3)
  6 frilled lizards
  13 rats
77 creatures vanquished.

Notes
Turn   | Place    | Note
-------+----------+-------------------------------------------
     0 | D:1      | Norn the Merfolk Skald began the quest for the Orb.
     0 | D:1      | Reached XP level 1. HP: 16/16 MP: 3/3
    80 | D:1      | Reached XP level 2. HP: 20/23 MP: 1/5
   367 | D:1      | Learned a level 2 spell: Shroud of Golubria
   460 | D:1      | Reached XP level 3. HP: 24/28 MP: 3/6
   502 | D:1      | Reached skill level 4 in Polearms
   939 | D:2      | Noticed Sigmund
  1063 | D:1      | Learned a level 3 spell: Spectral Weapon
  1073 | D:2      | Killed Sigmund
  1073 | D:2      | Reached skill level 5 in Polearms
  1073 | D:2      | Reached skill level 1 in Translocations
  1073 | D:2      | Reached XP level 4. HP: 29/35 MP: 3/7
  1073 | D:2      | Reached XP level 5. HP: 34/41 MP: 3/8
  1295 | D:2      | Found a blossoming altar of Fedhas.
  1298 | D:2      | Found an opulent altar of Gozag.
  1301 | D:2      | Found a hazy altar of Hepliaklqana.
  1694 | D:3      | Noticed Robin
  1709 | D:3      | Reached XP level 6. HP: 42/47 MP: 0/9
  1870 | D:3      | Killed Robin
  1918 | D:3      | Found a burning altar of Makhleb.
  1918 | D:3      | Noticed a blizzard demon
  2030 | D:3      | Noticed an orange demon
  2030 | D:3      | Noticed an orange demon
  2125 | D:3      | Reached skill level 6 in Polearms
  2236 | D:3      | Killed from afar by an orc priest

Skill      XL: |  1  2  3  4  5  6 |
---------------+-------------------+-----
Dodging        | 3 4 |  4.4
Polearms       | 5 6 |  6.1
Fighting       | 3 |  3.5
Charms         | 4 |  4.1
Translocations | 1 |  1.4
Armour         | |  0.6
Spellcasting   | |  2.0
Hexes          | |  0.7

Action                   |  1- 3 |  4- 6 || total
-------------------------+-------+-------++-------
Melee: Spear             |   118 |   120 ||   238
 Cast: Infusion          |     8 |       ||     8
       Spectral Weapon   |     1 |     8 ||     9
 Stab: Sleeping          |     2 |       ||     2
       Distracted        |       |     1 ||     1
  Eat: Chunk             |     1 |     5 ||     6
Armor: Leather armour    |    16 |    14 ||    30
Dodge: Dodged            |    75 |    43 ||   118
